 Dungeon Crawl Stone Soup version 0.24.0-37-gcf1ca852f1 (webtiles) character file.

Game seed: 10318752261930516650, levelgen mode: deterministic

742 Heliosone the Covert (level 7, -3/66 HPs)
             Began as an Octopode Wanderer on Nov 23, 2019.
             Splashed by a jelly's acid (12 damage)
             ... on level 3 of the Dungeon.
             The game lasted 00:14:26 (5422 turns).

Heliosone the Covert (Octopode Wanderer)            Turns: 5422, Time: 00:14:27

Health: -3/66      AC: 23    Str: 12    XL:     7   Next: 76%
Magic:  10/10      EV:  2    Int: 16    God:
Gold:   173        SH:  0    Dex: 11    Spells: 6/10 levels left

rFire    . . .     SeeInvis .   o - +0 dagger (venom)
rCold    . . .     Gourm    .   (no shield)
rNeg     + + +     Faith    .   (helmet currently unavailable)
rPois    +         Spirit   .   (no amulet)
rElec    .         Reflect  .   (no ring)
rCorr    .         Harm     .   (no ring)
MR       .....     NoTele   +   (no ring)
Stlth    ++++......             (no ring)
HPRegen  0.21/turn              (no ring)
MPRegen  0.12/turn              (no ring)
                                (no ring)
                                (no ring)

@: tree-form
A: almost no armour, stealthy swim, (amphibious), 8 rings, (constrict 8)
a: no special abilities


You were on level 3 of the Dungeon.
You were hungry.
You were a tree.
You visited 1 branch of the dungeon, and saw 5 of its levels.

You collected 173 gold pieces.

Inventory:

Hand Weapons
 a - a +2 quarterstaff
 e - a +0 short sword
 f - a +3 dagger
 o - a +0 dagger of venom (weapon)
Missiles
 n - 4 atropa-tipped darts (quivered)
Jewellery
 m - a +3 ring of protection {unknown}
 p - an uncursed ring of protection from cold {unknown}
Wands
 g - a wand of iceblast (11)
Scrolls
 h - a scroll of remove curse {unknown}
 j - 3 scrolls of identify {unknown}
 k - 3 scrolls of fear {unknown}
 q - 2 scrolls of immolation {unknown}
 r - a scroll of enchant armour {unknown}
 u - a scroll of magic mapping {unknown}
 w - a scroll of blinking {unknown}
 y - 2 scrolls of teleportation {unknown}
Potions
 b - 3 potions of agility {unknown}
 i - a potion of heal wounds {unknown}
 l - 2 potions of curing {unknown}
 s - 2 potions of might {unknown}
 t - a potion of haste {unknown}
 v - a potion of mutation {unknown}
Comestibles
 d - 4 rations


   Skills:
 + Level 1.7 Fighting
 - Level 1.0 Staves
 - Level 1.0 Throwing
 + Level 1.1 Dodging
 - Level 8.0 Stealth
 - Level 2.0 Spellcasting
 + Level 6.9 Conjurations
 - Level 1.3 Air Magic
 - Level 1.0 Poison Magic
 - Level 1.1 Evocations


You had 6 spell levels left.
You knew the following spells:

 Your Spells              Type           Power        Failure   Level  Hunger
a - Sting                 Conj/Pois      ##..         4%          1    #......
b - Mephitic Cloud        Conj/Pois/Air  ##......     17%         3    ###....

Your spell library contained the following spells:

 Spells                   Type           Power        Failure   Level  Hunger


Dungeon Overview and Level Annotations

Branches:
Dungeon (5/15)
 Temple: D:4-7

Altars:
Okawaru
Zin

Shops:
D:4 [

Annotations:
D:3 exclusion: sky beast


Innate Abilities, Weirdness & Mutations

You cannot wear most types of armour.
You are very stealthy in the water. (Stealth+)
((You are amphibious.))
You can wear up to eight rings at the same time.
((You can use your tentacles to constrict eight enemies at once.))
((Your skin changes colour to match your surroundings (Stealth+).))
((Your rubbery body absorbs attacks. (AC +1, EV +1)))


Message History

You impale the kobold!!
You kill the kobold!
The jelly hits you.
You are splashed with acid!
A hobgoblin comes into view.
The jelly hits you.
You are splashed with acid!
* * * LOW HITPOINT WARNING * * *
Things that are here:
a +0 short sword; 3 stones The hobgoblin shouts!
Really quaff the potion of lignification? [Y]es or [N]o only, please.
Really quaff the potion of lignification?
Okay, then.
Really quaff the potion of lignification?
You turn into a tree.
Your roots penetrate the ground.
The jelly jiggles.
The jelly hits you.
* * * LOW HITPOINT WARNING * * *
You are splashed with acid!
You die...

#.# #.#
#.# #.#
#.# #.#
#g# #♣#
#J# #.#
#.#
#)###.###
#........
#####.###


You could see a jelly and a hobgoblin.

Vanquished Creatures
  Grinder (D:4)
  Edmund (D:4)
  An ogre (D:4)
  A scorpion (D:4)
  A hound (D:4)
  2 orc wizards (D:4)
  A worker ant (D:4)
  A hound skeleton (D:5)
  6 adders
  An ooze (D:3)
  An adder skeleton (D:4)
  3 dart slugs
  4 worms
  6 leopard geckos
  6 orcs
  6 giant cockroaches
  8 goblins
  7 hobgoblins
  8 jackals
  A quokka (D:2)
  2 ball pythons
  5 bats
  5 frilled lizards
  7 kobolds
  4 rats
89 creatures vanquished.

Notes
Turn   | Place    | Note
-------+----------+-------------------------------------------
     0 | D:1      | Heliosone the Octopode Wanderer began the quest for the
                  | Orb.
     0 | D:1      | Heliosone set off with the following items: a +2
                  | quarterstaff, a potion of lignification, a ration; and the
                  | following spell memorised: Sting; and the following spells
                  | available to memorise: Mephitic Cloud
     0 | D:1      | Reached XP level 1. HP: 13/13 MP: 1/1
   100 | D:1      | Reached skill level 2 in Stealth
   142 | D:1      | Reached XP level 2. HP: 18/18 MP: 0/3
   362 | D:1      | Reached skill level 1 in Spellcasting
   443 | D:1      | Reached skill level 3 in Stealth
   563 | D:1      | Reached XP level 3. HP: 19/23 MP: 2/5
  1643 | D:2      | Learned a level 3 spell: Mephitic Cloud
  1703 | D:2      | Reached skill level 4 in Stealth
  1703 | D:2      | Reached XP level 4. HP: 16/28 MP: 7/7
  2384 | D:3      | Reached skill level 1 in Poison Magic
  2563 | D:3      | Noticed a sky beast
  2887 | D:3      | Reached skill level 1 in Air Magic
  3112 | D:3      | Reached XP level 5. HP: 27/33 MP: 8/8
  3388 | D:4      | Reached skill level 5 in Stealth
  3574 | D:4      | Noticed Edmund
  3592 | D:4      | Killed Edmund
  3592 | D:4      | Reached skill level 6 in Stealth
  3592 | D:4      | Reached XP level 6. HP: 25/38 MP: 9/9
  4399 | D:4      | Noticed Grinder
  4406 | D:4      | Paralysed by Grinder for 5 turns
  4409 | D:4      | Killed Grinder
  4409 | D:4      | Reached skill level 7 in Stealth
  4409 | D:4      | Reached XP level 7. HP: 34/43 MP: 10/10
  4579 | D:4      | Found Girufuha's Antique Armour Shop.
  4585 | D:4      | Reached skill level 8 in Stealth
  4719 | D:4      | Found an iron altar of Okawaru.
  4721 | D:4      | Found a glowing silver altar of Zin.
  4974 | D:5      | Entered Level 5 of the Dungeon
  5035 | D:5      | Reached skill level 1 in Dodging
  5422 | D:3      | Splashed by a jelly's acid

Levels and vault maps discovered:
D:1:      dpeg_arrival_rooms_b, layout_loops_corners, kennysheep_flooded_box,
          chequers_serial_rivers_micro_b
D:2:      layout_loops_ring, first_ration, chequers_avenue
D:3:      layout_loops_cross
D:4:      layout_basic, nicolae_overflow_hidden_temple, serial_shops,
          shop_fountains, uniq_edmund, uniq_grinder
D:5:      layout_basic, lemuel_round_altar

Skill      XL: |  1  2  3  4  5  6  7 |
---------------+----------------------+-----
Stealth        | 2 3 4 6 7 8 |  8.0
Spellcasting   | 1 2 |  2.0
Poison Magic   | 1 |  1.0
Air Magic      | 1 |  1.3
Conjurations   | 6 |  6.9
Dodging        | 1 |  1.1
Fighting       | |  1.7
Staves         | |  1.0
Throwing       | |  1.0
Evocations     | |  1.1

Action                   |  1- 3 |  4- 6 |  7- 9 || total
-------------------------+-------+-------+-------++-------
Melee: Quarterstaff      |    13 |       |       ||    13
       Constrict         |     6 |    23 |     5 ||    34
       Short sword       |    10 |       |       ||    10
       Tentacles         |     2 |    11 |     5 ||    18
       Dagger            |    17 |    97 |    26 ||   140
Throw: Dart              |       |       |     5 ||     5
 Cast: Sting             |    18 |     6 |     8 ||    32
       Mephitic Cloud    |       |     2 |     1 ||     3
  Use: Potion            |       |       |     1 ||     1
 Stab: Sleeping          |    15 |    15 |     6 ||    36
       Confused          |       |       |     1 ||     1
  Eat: Chunk             |     3 |     3 |     2 ||     8
       Ration            |       |     2 |       ||     2
Armor: Skin              |     2 |     7 |       ||     9
Dodge: Dodged            |    23 |    31 |    15 ||    69
